 Dungeon Crawl Stone Soup version 0.17-a0-1642-gd4b747b (webtiles) character file.

645 maniek23 the Covered (level 7, -3/62 HPs)
             Began as a Minotaur Fighter on Aug 8, 2015.
             Was an Initiate of Ru.
             Splashed by a jelly's acid (8 damage)
             ... on level 5 of the Dungeon.
             The game lasted 00:08:31 (3574 turns).

maniek23 the Covered (Minotaur Fighter)             Turns: 3574, Time: 00:08:31

Health: -3/62      AC:  0    Str: 21    XL:     7   Next: 27%
Magic:  6/6        EV:  8    Int:  5    God:    Ru [......]
Gold:   237        SH: 10    Dex: 11    Spells: 0 memorised, 6 levels left

rFire  . . .     SeeInvis .     a - +0 long sword
rCold  . . .     Clarity  .     b - +0 scale mail
rNeg   . . .     SustAt   .     c - +0 shield
rPois  .         Gourm    +     (helmet restricted)
rElec  .         Spirit   .     (no cloak)
rCorr  .         Warding  .     (no gloves)
rMut   .         Stasis   .     (no boots)
MR     .....                    t - amulet of the gourmand
Stlth  ..........               (no ring)
                                (no ring)

@: corroded equipment, not resistant to hostile enchantments, extremely
unstealthy
A: retaliatory headbutt, horns 2
a: Renounce Religion


You were on level 5 of the Dungeon.
You worshipped Ru.
Ru was noncommittal.
You were hungry.

You visited 2 branches of the dungeon, and saw 6 of its levels.

You collected 237 gold pieces.

Inventory:

Hand weapons
 a - a +0 long sword (weapon)
Missiles
 r - 6 javelins of penetration (quivered)
Armour
 b - a +0 scale mail (worn)
 c - a +0 shield (worn)
Jewellery
 t - an amulet of the gourmand (around neck)
Scrolls
 f - a scroll of enchant weapon {unknown}
 n - a scroll of noise {unknown}
 o - 3 scrolls of remove curse {unknown}
 q - a scroll of amnesia {unknown}
 w - a scroll of fear {unknown}
 x - 4 scrolls of identify {unknown}
 y - a scroll of magic mapping {unknown}
 B - a scroll of teleportation {unknown}
Potions
 d - a potion of might
 e - 4 potions of degeneration {unknown}
 h - 2 potions of agility {unknown}
 i - a potion of flight {unknown}
 j - 3 potions of magic {unknown}
 l - 2 potions of curing {unknown}
 s - a potion of brilliance {unknown}
 u - 2 potions of heal wounds {unknown}
 z - 2 potions of experience {unknown}
Comestibles
 g - a slice of pizza
 k - a royal jelly
 m - a meat ration
 p - 2 bread rations
 v - 2 beef jerkies
 A - 5 fruits


   Skills:
 + Level 5.9 Fighting
 + Level 5.0 Long Blades
 + Level 6.0 Armour
 - Level 1.2 Dodging
 - Level 0.1 Stealth
 + Level 5.8 Shields


You had 6 spell levels left.
You didn't know any spells.

Dungeon Overview and Level Annotations

Branches:
Dungeon (5/15)             Temple (1/1) D:4

Altars:
Ashenzari
Cheibriados
Dithmenos
Elyvilon
Fedhas
Gozag
Kikubaaqudgha
Makhleb
Nemelex Xobeh
Okawaru
Ru
Sif Muna
Trog
Vehumet
Xom
Yredelemnul
Zin
The Shining One

Shops:
D:4 %


Innate Abilities, Weirdness & Mutations

You reflexively headbutt those who attack you in melee.
You have a pair of horns on your head.


Message History

You hit the jelly. The acid corrodes you!
Your hands burn!
The jelly is lightly wounded.
The jelly barely misses you. You furiously retaliate!
You headbutt the jelly. You hit the jelly but do no damage.
Your hands burn!
You headbutt the jelly!
The jelly is heavily wounded.
The jelly hits you.
You are splashed with acid!
The acid burns!
You slash the jelly!
Your hands burn!
The jelly is almost dead.
The jelly closely misses you.
You hit the jelly. The acid corrodes you!
Your hands burn!
* * * LOW HITPOINT WARNING * * *
The jelly is almost dead.
The jelly hits you.
* * * LOW HITPOINT WARNING * * *
You are splashed with acid!
The acid burns!
* * * LOW HITPOINT WARNING * * *
The jelly hits you.
* * * LOW HITPOINT WARNING * * *
You are splashed with acid!
The acid burns!
You die...

######## #######
#......#####.......#
#......#...#.......#
#......#...+.......+
#......#...#.......#
#......#...#.......#
#......'...#.......#
#...(..#÷.@Jg......#
######......#...#.†.....+
#.....#'#####...#)).....#
#.....#....##...#.......#
#.....#.........#.......#
#.....#.........+.......#
#.....'.........#.......#
##....<###+###...#.......+
.............# + #...(...#


You could see a jelly and a gnoll.

Vanquished Creatures
  Sigmund (D:3)
  The ghost of maniek23 the Shield-Bearer, an average MiFi of Ru (D:3)
  2 orc priests
  Ijyb (D:3)
  3 orc wizards
  A worker ant (D:4)
  Robin (D:2)
  5 adders
  3 gnolls (D:5)
  3 worms
  3 giant geckos
  14 orcs
  2 giant cockroaches
  23 goblins
  9 hobgoblins
  5 jackals
  4 quokkas
  2 ball pythons (D:1)
  9 bats
  A giant newt (D:1)
  8 kobolds
  A quokka skeleton (D:3)
  5 rats
107 creatures vanquished.

Notes
Turn   | Place    | Note
--------------------------------------------------------------
     0 | D:1      | maniek23 the Minotaur Fighter began the quest for the Orb.
     0 | D:1      | Reached XP level 1. HP: 19/19 MP: 0/0
   127 | D:1      | Reached skill level 4 in Shields
   138 | D:1      | Reached XP level 2. HP: 20/27 MP: 1/1
   366 | D:1      | Reached XP level 3. HP: 28/33 MP: 2/2
   674 | D:2      | Noticed Robin
   716 | D:2      | Killed Robin
   716 | D:2      | Reached skill level 1 in Dodging
   716 | D:2      | Reached XP level 4. HP: 13/40 MP: 3/3
  1454 | D:3      | Noticed maniek23's ghost (average MiFi)
  1470 | D:3      | Killed maniek23's ghost
  1470 | D:3      | Reached skill level 5 in Armour
  1470 | D:3      | Reached XP level 5. HP: 4/47 MP: 4/4
  1715 | D:3      | Reached skill level 5 in Shields
  1727 | D:3      | Reached skill level 5 in Fighting
  1762 | D:3      | Noticed Sigmund
  1788 | D:3      | Noticed Ijyb
  1818 | D:3      | Killed Ijyb
  1818 | D:3      | Reached XP level 6. HP: 37/56 MP: 5/5
  1837 | D:3      | Killed Sigmund
  2235 | D:3      | Found a snail-covered altar of Cheibriados.
  2245 | D:3      | Found a burning altar of Makhleb.
  2252 | D:3      | Found a glowing golden altar of the Shining One.
  2257 | D:3      | Found a blossoming altar of Fedhas.
  2265 | D:3      | Found a bloodstained altar of Trog.
  2270 | D:3      | Found a white marble altar of Elyvilon.
  2281 | D:3      | Found an iron altar of Okawaru.
  2368 | D:4      | Reached XP level 7. HP: 54/61 MP: 6/6
  2458 | D:4      | Found an opulent altar of Gozag.
  2791 | D:4      | Found a staircase to the Ecumenical Temple.
  2806 | D:4      | Found Quisk's Food Shop.
  2809 | Temple   | Entered the Ecumenical Temple
  2977 | Temple   | Became a worshipper of Ru the Awakened
  3288 | D:5      | Entered Level 5 of the Dungeon
  3562 | D:5      | Reached skill level 5 in Long Blades
  3565 | D:5      | Reached skill level 6 in Armour
  3574 | D:5      | Splashed by a jelly's acid

Vault maps used:
D:1:      minmay_arrival_jagged
D:2:      minmay_statues_item, uniq_robin
D:3:      grunt_temple_overflow_octagram, serial_curves, eino_curves_01,
          eino_curves_02, eino_curves_04, uniq_sigmund, uniq_iyjb
D:4:      lemuel_coloured_pillars_altar, temple_fountains, serial_shops, shop
D:5:      first_bread, grunt_tough_drop
Temple:   roderic_octagonal_lattice_temple

Action                   |  1- 3 |  4- 6 |  7- 9 || total
-------------------------+-------+-------+-------++-------
Melee: Long sword        |   115 |   144 |    67 ||   326
  Eat: Bread ration      |       |     1 |       ||     1
       Chunk             |       |     1 |     3 ||     4
